 Dungeon Sprint DCSS version 0.30.1-11-g7821555f0a (webtiles) character file.

Game seed: 4305448022399534934

9864 Heoruswealwe the Phalangite (level 11, -8/117 HPs)
             Began as a Minotaur Fighter on Dec 7, 2023.
             Was an Initiate of Gozag.
             Mangled by an orc warrior
             ... wielding a +0 war axe
              (15 damage)
             ... in the Dungeon (Sprint IX: "|||||||||||||||||||||||||||||").
             The game lasted 00:08:12 (1294 turns).

Heoruswealwe the Phalangite (Minotaur Fighter)      Turns: 1294, Time: 00:08:13

Health: -8/117     AC:  7    Str: 25    XL:     11   Next: 28%
Magic:  10/10      EV:  8    Int:  5    God:    Gozag
Gold:   5188       SH:  0    Dex: 10    Spells: 10/10 levels left

rFire   . . .        b - +5 bardiche
rCold   . . .        (shield currently unavailable)
rNeg    . . .        c - +0 plate armour
rPois   .            (helmet restricted)
rElec   .            h - +0 cloak
rCorr   .            f - +0 pair of gloves
SInv    .            e - +0 pair of boots
Will    .....        (no amulet) Stlth
                     k - +2 ring of protection
HPRegen 0.39/turn    j - +2 ring of protection
MPRegen 0.12/turn

%: no teleportation
@: corroded
A: horns 2, retaliatory headbutt
a: Renounce Religion, Potion Petition, Call Merchant, Bribe Branch


You were in the Dungeon.
You worshipped Gozag.
Gozag was greatly pleased with you.
You visited 1 branch You collected 5188 gold pieces.

Inventory:

Hand Weapons
 a - a +0 trident
 b - a +5 bardiche (weapon)
Armour
 c - a +0 plate armour (worn)
 d - a +2 buckler
 e - a +0 pair of boots (worn)
 f - a +0 pair of gloves (worn)
 h - a +0 cloak (worn)
Jewellery
 j - a +2 ring of protection (right hand)
 k - a +2 ring of protection (left hand)
Wands
 q - a wand of paralysis (4)
 u - a wand of roots (10)
Scrolls
 o - 2 scrolls of blinking
 r - a scroll of identify
 s - 2 scrolls of enchant armour
Potions
 g - a potion of haste
 i - a potion of berserk rage
 l - 5 potions of curing
 m - 3 potions of heal wounds
 n - 3 potions of might
 p - 2 potions of resistance


   Skills:
 + Level 17.0 Fighting
 * Level 22.8 Polearms
 + Level 17.0 Armour
 - Level 3.6 Shields


You had 10 spell levels left.
You didn't know any spells.
Your spell library was empty.

Dungeon Overview and Level Annotations

Branches:
Dungeon (1/1)

Altars:
Cheibriados
Dithmenos
Elyvilon
Fedhas
Gozag
Hepliaklqana
Kikubaaqudgha
Makhleb
Nemelex Xobeh
Okawaru
Qazlal
Ru
Sif Muna
Trog
Uskayaw
Vehumet
Wu Jian
Xom
Yredelemnul
Zin
The Shining One
Jiyva
Lugonu


Innate Abilities, Weirdness & Mutations

You have a pair of horns on your head.
You reflexively headbutt those who attack you in melee.


Message History

The orc knight is almost dead.
You hear a shout!
The orc knight is distracted by your dazzling golden aura.
The orc knight shouts!
You hit the orc knight but do no damage.
The orc knight is no longer distracted by gold.
Your headbutt misses the orc knight.
The orc knight is almost dead.
You slash the orc knight!
You kill the orc knight!
Your Fighting skill increases to level 17!
Your Armour skill increases to level 17!
An orc warrior comes into view. It is wielding a +0 war axe.
The orc warrior shouts!
You hear a shout!
The orc wizard is distracted by your dazzling golden aura.
The orc wizard shouts!
Items here: $ )) [.
You closely miss the orc warrior.
The orc warrior is no longer distracted by gold.
The orc wizard no longer looks unusually strong.
The orc warrior no longer looks unusually strong.
The orc warrior hits you with a +0 war axe!
* * * LOW HITPOINT WARNING * * *
You hit the orc warrior.
The orc warrior is lightly wounded.
The orc warrior hits you with a +0 war axe!
* * * LOW HITPOINT WARNING * * *
You slice the orc warrior!!
You kill the orc warrior!
An orc warrior comes into view. It is wielding a +0 short sword.
The orc warrior shouts!
The orc warrior hits you with a +0 war axe!
* * * LOW HITPOINT WARNING * * *
Things that are here:
104 gold pieces; a +0 war axe; a +0 chain mail You hit the orc warrior but do no damage.
Your headbutt misses the orc warrior.
The orc warrior hits you with a +0 war axe!
You die...
Your body crumbles into a pile of gold.

$▓.▓.▓.▓_▓
▓o▓.▓.▓.▓_▓
▓o▓.▓.▓.▓_▓
▓o▓.▓.▓.▓_▓
▓o▓.▓.▓.▓_▓
▓o▓.▓.▓.▓_▓
▓o▓.▓.▓.▓_▓
▓o▓.▓'▓.▓_▓
▓@▓.▓.▓.▓_▓
▓$▓.▓.▓.▓_▓
▓$▓.▓.▓.▓_▓
▓$▓.▓.▓.▓_▓
▓.▓.▓.▓.▓_▓
▓.▓.▓.▓.▓_▓
▓.▓.▓.▓.▓_▓
▓.▓.▓.▓.▓_▓
▓)▓.▓.▓.▓_▓


You could see 6 orc warriors and an orc wizard.

Vanquished Creatures
  A centaur warrior (D)
  A tengu warrior (D)
  An orc high priest (D)
  A skyshark (D)
  2 orc knights (D)
  3 lindwurms (D)
  A cane toad (D)
  A black mamba (D)
  An unseen horror (D)
  4 komodo dragons (D)
  A rime drake (D)
  3 tyrant leeches (D)
  A troll (D)
  A blink frog (D)
  A slime creature (D)
  2 wyverns (D)
  A yak (D)
  2 acid dragons (D)
  3 water moccasins (D)
  5 orc warriors (D)
  A centaur (D)
  4 bullfrogs (D)
  A wight (D)
  3 orc priests (D)
  An iguana (D)
  2 orc wizards (D)
  2 adders (D)
  2 worms (D)
  7 orcs (D)
  An endoplasm (D)
  A hobgoblin (D)
  2 quokkas (D)
  A ball python (D)
  A rat (D)
65 creatures vanquished.

Vanquished Creatures (others)
  An unseen horror (D)
1 creature vanquished.

Grand Total: 66 creatures vanquished

Notes
Turn   | Place    | Note
-------+----------+-------------------------------------------
     0 | D        | Heoruswealwe the Minotaur Fighter began the quest for the
                  | Orb.
     0 | D        | Reached XP level 1. HP: 19/19 MP: 0/0
     7 | D        | Reached skill level 3 in Polearms
    28 | D        | Noticed an iguana
    28 | D        | Noticed an orc priest
    33 | D        | HP: 1/20 [orc priest/+0 hand axe (7)]
    37 | D        | Killed an orc priest
    38 | D        | Reached skill level 5 in Fighting
    38 | D        | Reached skill level 5 in Polearms
    38 | D        | Reached skill level 5 in Armour
    38 | D        | Reached XP level 2. HP: 29/29 MP: 1/1
    38 | D        | Reached XP level 3. HP: 36/36 MP: 2/2
    43 | D        | Reached skill level 6 in Polearms
    45 | D        | Reached skill level 7 in Polearms
    45 | D        | Reached XP level 4. HP: 16/44 MP: 3/3
    56 | D        | Found a snail-covered altar of Cheibriados.
    56 | D        | Found a shadowy altar of Dithmenos.
    56 | D        | Found a white marble altar of Elyvilon.
    56 | D        | Found a blossoming altar of Fedhas.
    56 | D        | Found an opulent altar of Gozag.
    57 | D        | Found a hazy altar of Hepliaklqana.
    58 | D        | Found a viscous altar of Jiyva.
    59 | D        | Found an ancient bone altar of Kikubaaqudgha.
    60 | D        | Found a corrupted altar of Lugonu.
    61 | D        | Found a burning altar of Makhleb.
    62 | D        | Found a sparkling altar of Nemelex Xobeh.
    63 | D        | Found an iron altar of Okawaru.
    64 | D        | Became a worshipper of Gozag Ym Sagoz the Greedy
    65 | D        | Found a stormy altar of Qazlal.
    66 | D        | Found a sacrificial altar of Ru.
    67 | D        | Found a shimmering blue altar of Sif Muna.
    68 | D        | Found a bloodstained altar of Trog.
    69 | D        | Found a hide-covered altar of Uskayaw.
    70 | D        | Found a radiant altar of Vehumet.
    71 | D        | Found an ornate altar of the Wu Jian Council.
    72 | D        | Found a shimmering altar of Xom.
    73 | D        | Found a basalt altar of Yredelemnul.
    74 | D        | Found a glowing silver altar of Zin.
    75 | D        | Found a glowing golden altar of the Shining One.
   151 | D        | Noticed an orc warrior
   151 | D        | Noticed a centaur
   151 | D        | Noticed a komodo dragon
   151 | D        | Noticed an acid dragon
   157 | D        | Reached skill level 8 in Polearms
   160 | D        | Killed an acid dragon
   161 | D        | Reached skill level 10 in Polearms
   161 | D        | Reached XP level 5. HP: 43/53 MP: 4/4
   166 | D        | Killed a komodo dragon
   167 | D        | Reached skill level 12 in Polearms
   167 | D        | Reached XP level 6. HP: 18/66 MP: 5/5
   170 | D        | Killed an unseen horror
   171 | D        | Reached skill level 10 in Fighting
   171 | D        | Reached skill level 13 in Polearms
   171 | D        | Reached skill level 10 in Armour
   171 | D        | Reached XP level 7. HP: 16/73 MP: 6/6
   173 | D        | Reached skill level 14 in Polearms
   176 | D        | HP: 3/73 [orc warrior/+0 long sword (8)]
   304 | D        | Noticed a centaur warrior
   304 | D        | Noticed a tengu warrior
   304 | D        | Noticed a slime creature
   304 | D        | Noticed a troll
   308 | D        | Killed a troll
   309 | D        | Reached XP level 8. HP: 82/82 MP: 7/7
   313 | D        | Killed a slime creature
   314 | D        | Reached skill level 15 in Polearms
   326 | D        | Killed a tengu warrior
   327 | D        | Reached skill level 16 in Polearms
   333 | D        | Killed a centaur warrior
   334 | D        | Reached skill level 17 in Polearms
   334 | D        | Reached XP level 9. HP: 66/93 MP: 8/8
   338 | D        | Killed an unseen horror
   343 | D        | Reached skill level 18 in Polearms
   519 | D        | Noticed a komodo dragon
   519 | D        | Noticed a black mamba
   520 | D        | Noticed a komodo dragon
   525 | D        | Killed a black mamba
   532 | D        | Killed a komodo dragon
   539 | D        | Reached skill level 19 in Polearms
   542 | D        | Killed a komodo dragon
   543 | D        | Reached XP level 10. HP: 72/104 MP: 9/9
   629 | D        | Noticed a skyshark
   648 | D        | Noticed a cane toad
   657 | D        | Killed a skyshark
   658 | D        | Reached skill level 15 in Fighting
   658 | D        | Reached skill level 20 in Polearms
   658 | D        | Reached skill level 15 in Armour
   673 | D        | Killed a cane toad
   820 | D        | Noticed a lindwurm
   820 | D        | Noticed a lindwurm
   820 | D        | Noticed a lindwurm
   826 | D        | Killed a lindwurm
   827 | D        | Reached skill level 21 in Polearms
   831 | D        | Killed a lindwurm
   849 | D        | Killed a lindwurm
   858 | D        | Reached XP level 11. HP: 22/114 MP: 10/10
   867 | D        | HP: 5/114 [tyrant leech (18)]
   875 | D        | Reached skill level 22 in Polearms
  1194 | D        | Noticed an orc knight
  1213 | D        | Killed an orc knight
  1266 | D        | Noticed an orc knight
  1266 | D        | Noticed an orc high priest
  1281 | D        | Killed an orc high priest
  1288 | D        | Killed an orc knight
  1294 | D        | Mangled by an orc warrior

Illustrated notes

Levels and vault maps discovered:
D:        linesprint [early_d, line_temple, items_1, d_10, items_2, lair_1,
          lair_end, items_3, orc_1, orc_end, items_4, d_15, swamp_1, shoals_1,
          snake_1, spider_1, d_20, vaults_1, items_5, swamp_end, shoals_end,
          snake_end, spider_end, vaults_end, d_27, items_6, zot_1, zot_end,
          crypt_end, forest_end, elf_end, slime_end, tomb_end, abyss_end,
          pan_hell_end]

Skill      XL: |  1  2  3  4  5  6  7  8  9 10 11 |
---------------+----------------------------------+-----
Polearms       | 5 7 10 12 13 14 17 19 21 22 | 22.8
Fighting       | 5 8 9 10 11 13 14 16 17 | 17.0
Armour         | 5 8 9 10 11 13 14 16 17 | 17.0
Shields        | |  3.6

Action                     |  1- 3 |  4- 6 |  7- 9 | 10-12 || total
---------------------------+-------+-------+-------+-------++-------
  Melee: Trident           |    27 |     4 |       |       ||    31
         Headbutt          |     3 |     4 |    13 |    23 ||    43
         Halberd           |       |    17 |    69 |   128 ||   214
         Bardiche          |       |       |       |    24 ||    24
    Use: Potion            |     1 |       |     1 |     1 ||     3
         Scroll            |       |       |       |     2 ||     2
   Stab: Distracted        |       |       |     1 |     1 ||     2
 Armour: Scale mail        |     5 |       |       |       ||     5
         Plate armour      |       |    15 |    57 |    63 ||   135
  Dodge: Dodged            |     5 |     4 |    20 |    24 ||    53
  Block: Buckler           |     4 |     2 |       |       ||     6
